 Dungeon Crawl Stone Soup version 0.21.1-68-g103a7afc0a (webtiles) character file.

1083 H0rd4k the Cutter (level 8, 0/58 HPs)
             Began as a Human Artificer on Aug 2, 2018.
             Shot with an arrow by a centaur (1 damage)
             ... on level 7 of the Dungeon on Aug 3, 2018.
             The game lasted 00:30:46 (7596 turns).

H0rd4k the Cutter (Human Artificer)                 Turns: 7596, Time: 00:30:47

Health: 0/58       AC:  7    Str: 14    XL:     8   Next: 55%
Magic:  0/10       EV: 14    Int: 17    God:
Gold:   245        SH:  0    Dex: 14    Spells: 7/7 levels left

rFire    . . .     SeeInvis .   a - +0 short sword
rCold    . . .     Gourm    .   (no shield)
rNeg     . . .     Faith    .   m - +0 leather armour {MR+}
rPois    .         Spirit   +   (no helmet)
rElec    .         Reflect  .   l - +1 cloak
rCorr    .         Harm     .   h - +0 pair of gloves
MR       +....                  n - +0 pair of boots
Stlth    ++........             j - amulet of guardian spirit
HPRegen  0.19/turn              (no ring)
MPRegen  0.12/turn              (no ring)

@: brilliant
A: no striking features
a: no special abilities


You were on level 7 of the Dungeon.
You were not hungry.

You visited 1 branch of the dungeon, and saw 8 of its levels.

You collected 245 gold pieces.

Inventory:

Hand Weapons
 a - a +0 short sword (weapon)
 w - a +0 long sword
 E - a +0 great sword
 H - a +0 long sword
Missiles
 i - 62 sling bullets
 v - 5 tomahawks (quivered)
 y - 9 arrows
 A - 42 bolts
Armour
 b - a +0 leather armour
 h - a +0 pair of gloves (worn)
 l - a +1 cloak (worn)
 m - a +0 leather armour of magic resistance (worn)
 n - a +0 pair of boots (worn)
 q - a +0 cloak
 u - a +0 shield
Jewellery
 j - an amulet of guardian spirit (around neck)
Wands
 d - a wand of enslavement (14)
 e - a wand of random effects (2)
 F - a wand of clouds (5)
Scrolls
 g - 9 scrolls of identify
 o - a scroll of amnesia
 t - a scroll of fear {unknown}
 x - a scroll of random uselessness {unknown}
 C - a scroll of enchant weapon {unknown}
 D - a scroll of immolation {unknown}
Potions
 k - a potion of agility
 r - 2 potions of flight
 z - 2 potions of lignification
 B - a potion of cancellation
Comestibles
 f - 5 rations


   Skills:
 + Level 3.4 Fighting
 + Level 5.6 Short Blades
 + Level 0.7 Throwing
 + Level 3.7 Armour
 + Level 4.6 Dodging
 + Level 2.1 Stealth
 + Level 3.9 Evocations


You had 7 spell levels left.
You didn't know any spells.

Dungeon Overview and Level Annotations

Branches:
Dungeon (8/15)             Temple (0/1) D:5
   Lair: D:8-11

Altars:
Elyvilon
Gozag
Hepliaklqana
Makhleb
Qazlal
Sif Muna
Xom
Zin
The Shining One

Annotations:
D:2 exclusions: adder and downstairs
D:3 exclusion: 2 downstairs
D:4 exclusions: ogre, scorpion and worker ant, Sigmund
D:5 exclusion: downstairs
D:6 exclusion: two-headed ogre
D:7 exclusion: upstairs


Message History

The centaur hits you.
* * * LOW HITPOINT WARNING * * *
Okay, then.
Unknown command.
Evoke which item? (* to show all) (? for menu, Esc to quit)
Aiming: Enslavement
Press: ? - help, Shift-Dir - straight line, f - centaur
Aim: a centaur (almost dead, chance to defeat MR: 57%)
The centaur resists with significant effort.
The centaur misses you. The centaur hits you.
* * * LOW HITPOINT WARNING * * *
Evoke which item? (* to show all) (? for menu, Esc to quit)
Aiming: Throw Flame
Press: ? - help, Shift-Dir - straight line, f/p - centaur
Aim: a centaur (almost dead)
The puff of flame hits the centaur.
You kill the centaur!
The now-empty wand crumbles to dust.
The centaur shoots an arrow.
The arrow hits you.
You die...

..... ....
######### .c.
#......#.##.#
#[.....#....#
#......#..o.#
#(.....#....#
#(.....#....#
#.((((@##'###...
#######)h......#
#c.......#
#........#
#........+
#........#
#..........
#..........
#.........


You could see a centaur and a hound.

Vanquished Creatures
  A hippogriff (D:8)
  Edmund (D:3)
  2 ogres
  A centaur (D:7)
  A crimson imp (D:6)
  A centaur zombie (D:5)
  2 hounds (D:5)
  A centaur skeleton (D:5)
  Ijyb (D:3)
  Jessica (D:3)
  2 bullfrog skeletons (D:4)
  3 worker ants
  2 gnolls
  5 adders
  A shadow imp (D:5)
  An ooze (D:2)
  2 worms (D:3)
  3 dart slugs
  3 leopard geckos
  14 orcs
  8 giant cockroaches
  7 goblins
  8 hobgoblins
  7 jackals
  4 kobolds
  5 quokkas
  A ball python (D:4)
  7 bats
  4 frilled lizards
  8 rats
107 creatures vanquished.

Notes
Turn   | Place    | Note
-------+----------+-------------------------------------------
     0 | D:1      | H0rd4k the Human Artificer began the quest for the Orb.
     0 | D:1      | Reached XP level 1. HP: 15/15 MP: 3/3
    77 | D:1      | Reached XP level 2. HP: 8/21 MP: 4/4
   509 | D:1      | HP: 1/21 [goblin (1)]
   784 | D:1      | Reached XP level 3. HP: 18/26 MP: 5/5
  1673 | D:2      | Reached XP level 4. HP: 21/33 MP: 6/6
  1915 | D:2      | Found a shimmering altar of Xom.
  1915 | D:2      | Found a burning altar of Makhleb.
  2261 | D:2      | Reached skill level 2 in Short Blades
  2455 | D:3      | Found a stormy altar of Qazlal.
  2776 | D:3      | Reached skill level 1 in Armour
  2848 | D:3      | Found an opulent altar of Gozag.
  2878 | D:3      | Reached XP level 5. HP: 11/38 MP: 7/7
  3220 | D:3      | Noticed Ijyb
  3279 | D:3      | Noticed Jessica
  3490 | D:3      | Killed Jessica
  3490 | D:3      | Reached skill level 3 in Short Blades
  4255 | D:4      | Reached XP level 6. HP: 18/44 MP: 8/8
  4327 | D:4      | Noticed an ogre
  4484 | D:3      | Paralysed by Ijyb for 4 turns
  4539 | D:3      | Killed Ijyb
  4644 | D:3      | Found a glowing golden altar of the Shining One.
  4644 | D:3      | Found a glowing silver altar of Zin.
  4644 | D:3      | Found a white marble altar of Elyvilon.
  4722 | D:4      | Noticed Sigmund
  4739 | D:4      | Noticed Edmund
  4767 | D:3      | Killed Edmund
  4767 | D:3      | Reached skill level 4 in Short Blades
  4790 | D:3      | Reached XP level 7. HP: 40/51 MP: 9/9
  5175 | D:5      | Entered Level 5 of the Dungeon
  5318 | D:5      | Found a staircase to the Ecumenical Temple.
  6017 | D:5      | Found a deep blue altar of Sif Muna.
  6412 | D:5      | Reached skill level 5 in Short Blades
  6412 | D:5      | Reached XP level 8. HP: 57/57 MP: 10/10
  6965 | D:6      | Noticed a two-headed ogre
  7295 | D:8      | Noticed a hippogriff
  7322 | D:8      | Killed a hippogriff
  7354 | D:8      | Noticed a hippogriff
  7552 | D:7      | Found a hazy altar of Hepliaklqana.
  7594 | D:7      | HP: 2/58 [centaur (6)]
  7596 | D:7      | Shot with an arrow by a centaur

Skill      XL: |  1  2  3  4  5  6  7  8 |
---------------+-------------------------+-----
Short Blades   | 2 3 4 5 |  5.6
Armour         | 1 2 3 |  3.7
Fighting       | 2 3 |  3.4
Dodging        | 3 4 |  4.6
Stealth        | 2 |  2.1
Throwing       | |  0.7
Evocations     | |  3.9

Action                   |  1- 3 |  4- 6 |  7- 9 || total
-------------------------+-------+-------+-------++-------
Melee: Short sword       |   160 |   307 |   308 ||   775
Throw: Tomahawk          |       |     1 |     9 ||    10
Evoke: Wand              |       |     5 |    24 ||    29
  Use: Potion            |       |     5 |     5 ||    10
       Scroll            |       |       |     6 ||     6
 Stab: Sleeping          |     1 |       |     1 ||     2
  Eat: Chunk             |     2 |    11 |     7 ||    20
       Ration            |       |       |     1 ||     1
Armor: Leather armour    |    41 |    68 |    85 ||   194
Dodge: Dodged            |   104 |   163 |   207 ||   474
